 Dungeon Crawl Stone Soup version 0.31-a0-187-gba352fbbf7 (webtiles) character file.

Game seed: 16503282319831468881

3 qw the Shooter (level 1, -1/12 HPs)
             Began as a Deep Elf Hunter on June 22, 2023.
             Slain by a jackal (2 damage)
             ... on level 1 of the Dungeon.
             The game lasted 00:00:01 (36 turns).

qw the Shooter (Deep Elf Hunter)                      Turns: 36, Time: 00:00:02

Health: -1/12      AC:  3    Str:  8    XL:     1   Next: 41%
Magic:  3/3        EV: 12    Int: 13    God:
Gold:   9          SH:  0    Dex: 18    Spells: 0/0 levels left

rFire   . . .        a - +0 shortbow
rCold   . . .        (shield currently unavailable)
rNeg    . . .        c - +0 leather armour
rPois   .            (no helmet)
rElec   .            (no cloak)
rCorr   .            (no gloves)
SInv    .            (no boots)
Will    .....        (no amulet)
Stlth   ++           (no ring)
HPRegen 0.22/turn    (no ring)
MPRegen 0.08/turn

%: no passive effects
@: no status effects
A: no striking features
a: no special abilities


You were on level 1 of the Dungeon.
You visited 1 branch of the dungeon, and saw 1 of its levels.

You collected 9 gold pieces.


   Skills:
 - Level 1.5 Fighting
 + Level 5.5 Ranged Weapons
 - Level 2.4 Dodging
 - Level 1.2 Stealth


You couldn't memorise any spells.
You didn't know any spells.
Your spell library was empty.

Inventory:

Hand Weapons
 a - a +0 shortbow (weapon)
Armour
 c - a +0 leather armour (worn)
Scrolls
 b - a scroll of butterflies

Dungeon Overview and Level Annotations

Branches:
Dungeon (1/15)

Altars:


Message History

The kobold shouts!
The kobold is moderately wounded.
You shoot an arrow. The arrow hits the kobold.
You kill the kobold!
You now have 9 gold pieces.
A ball python and a jackal come into view.
You shoot an arrow. The arrow hits the ball python.
The ball python hisses angrily.
The ball python is severely wounded.
You shoot an arrow. The arrow hits the ball python!
You kill the ball python!
You shoot an arrow.
The arrow hits the jackal but does no damage.
The jackal barks!
You hear a bark!
You hear a shout!
A hobgoblin comes into view. It is wielding a +0 whip.
A jackal comes into view.
You shoot an arrow. The hobgoblin shouts!
The arrow hits the jackal.
You kill the jackal!
A jackal comes into view.
You shoot an arrow. The arrow barely misses the jackal.
A rat comes into view.
You shoot an arrow. The arrow misses the jackal.
A jackal comes into view.
You shoot an arrow. The arrow closely misses the jackal.
The jackal barks!
The jackal barely misses you.
A goblin comes into view. It is wielding a +0 dagger.
You shoot an arrow. The arrow hits the jackal.
The jackal is heavily wounded.
The hobgoblin hits you with a +0 whip.
You shoot an arrow. The arrow closely misses the jackal.
The jackal barely misses you. The hobgoblin hits you with a +0 whip.
Ouch! That really hurt!
The jackal bites you.
You shoot an arrow. The arrow closely misses the jackal.
The jackal bites you. x2
You die...

....... #......
#.....# #...!.#
#.....#
###....r#
.......g##
......h@.# .. #.
.....hh#.# #.#
#.# .#####.#.##
##.###.# #.#..##
##.¤¤...##
#.##..#
#..¤¤~~..## #g
##.###.~~~~~~...
#.
#.....~~¤~~~..<
#.
#.....~~¤~~~...
##.....~~~~...#


You could see 3 jackals, a hobgoblin, a goblin and a rat.

Vanquished Creatures
  A jackal (D:1)
  A kobold (D:1)
  A ball python (D:1)
3 creatures vanquished.

Notes
Turn   | Place    | Note
-------+----------+-------------------------------------------
     0 | D:1      | qw the Deep Elf Hunter began the quest for the Orb.
     0 | D:1      | Reached XP level 1. HP: 12/12 MP: 3/3
     0 | D:1      | 0 ||| qw: Version: 0.3-a-9-g12657ce
     0 | D:1      | 0 ||| qw: Game counter: 2382
     0 | D:1      | 0 ||| qw: Always use a shield: true
     0 | D:1      | 0 ||| qw: God list: Okawaru
     0 | D:1      | 0 ||| qw: Allow faded altars: false
     0 | D:1      | 0 ||| qw: Do Orc after D:15 true
     0 | D:1      | 0 ||| qw: Do second Lair branch before Depths: true
     0 | D:1      | 0 ||| qw: Lair rune preference: random
     0 | D:1      | 0 ||| qw: Plans: Normal
     0 | D:1      | 0 ||| PLANNING D:1-11
    35 | D:1      | HP: 3/12 [jackal (1)]
    36 | D:1      | HP: 1/12 [jackal (2)]
    36 | D:1      | Slain by a jackal

Levels and vault maps discovered:
D:1:      dpeg_arrival_pits, layout_basic,
          dreamdust_ecumenical_altar_hidden_monk_grotto,
          kennysheep_pointless_box, chequers_serial_rivers_marsh

Action                     || total
---------------------------++-------
   Fire: Shortbow          ||    12
  Dodge: Dodged            ||     2

Table legend:
 A = Non-vault XP
 B = Vault XP
 C = Vault XP percentage of total XP
 D = Non-vault monster count
 E = Vault monster count
 F = Vault count percentage of total count
                 A         B        C        D         E       F
            +---------+---------+-------+---------+---------+-------
      Total |       5 |       0 |   0.0 |       3 |       0 |   0.0
            +---------+---------+-------+---------+---------+-------
        D:1 |       5 |       0 |   0.0 |       3 |       0 |   0.0
            +---------+---------+-------+---------+---------+-------
